Workbook

Sheet Pivot 1
A1: decile(Market Cap (in US $)) | B1: count | C1: median(Trailing PE) | D1: median(Forward PE) | E1: median(PBV) | F1: median(PS) | G1: median(EV/EBIT) | H1: median(EV/EBITDA) | I1: mode(EV/Invested Capital) | J1: median(EV/Sales) | K1: median(Return on Equity) | L1: median(Return on Capital (ROC or ROIC)) | M1: median(Net Profit Margin) | N1: median(Pre-tax Operating Margin) | O1: [Trailing Net Income < $0.00] | Q1: median(Cash/ Firm Value) | R1: sum(Market Cap (in US $)) | S1: sum(Total Debt incl leases (in US $)) | T1: sum(Market Debt to capital ratio) | U1: median(Beta) | V1: median(Correlation with market) | W1: median(Standard deviation in stock price) | X1: median(HiL0 Risk Measure (Hi- lo)/ (Hi+Lo)) | Y1: sum(Enterprise Value (in US $)) | Z1: sum(Trailing Net Income) | AA1: sum(Trailing Operating Income (adj for leases)) | AB1: sum(Trailing Revenues) | AC1: sum(Trailing EBITDA (adj for leases)) | AD1: sum(Book Value of Equity - 4 qtrs ago) | AE1: sum(Invested Capital - 4 qtre ago) | AG1: [Trailing Net Income < $0.00]
O2: False | P2: True | AF2: Expected growth | AG2: False | AH2: True | AI2: Int Exp
A3: Bottom decile | B3: 461 | C3: 12.280702 | D3: 5 | E3: 1.0290698 | F3: 1.4368932 | G3: 21.192982 | H3: 15.756997 | I3: 1.4670051 | J3: 1.7439024 | K3: -0.41746248 | L3: -0.33554777 | M3: -0.29878049 | N3: -0.22448235 | O3: 78 | P3: 383 | Q3: 0.061643836 | R3: 8133.4 | S3: 18094.096 | T3: 0.091520332 | U3: 0.69171029 | V3: 0.12247449 | W3: 0.79156806 | X3: 0.62962963 | Y3: 17171.356 | Z3: -6881.441 | AA3: -4158.8788 | AB3: 19472.955 | AC3: -2318.574 | AD3: 8057.554 | AE3: 15714.261 | AF3: 0.25 | AG3: 60 | AH3: 401 | AI3: 1034.868
A4: 2nd decile | B4: 462 | C4: 11.006098 | D4: 28.2 | E4: 1.0630631 | F4: 1.7492625 | G4: 28.572637 | H4: 18.315703 | I4: 1.210269 | J4: 2.0751994 | K4: -0.22268519 | L4: -0.093094491 | M4: -0.11459459 | N4: -0.037107844 | O4: 132 | P4: 330 | Q4: 0.074468085 | R4: 19766.1 | S4: 34076.852 | T4: 0.13529327 | U4: 0.48417928 | V4: 0.13038405 | W4: 0.6599787 | X4: 0.44099379 | Y4: 45742.786 | Z4: -9246.709 | AA4: -6535.8799 | AB4: 40125.471 | AC4: -2364.228 | AD4: 14555.11 | AE4: 40085.949 | AF4: 0.15 | AG4: 95 | AH4: 367 | AI4: 2322.466
A5: 3rd decile | B5: 461 | C5: 13.076923 | D5: 13.648915 | E5: 1.0376432 | F5: 2.2296137 | G5: 33.832474 | H5: 31.752693 | I5: 1.2098409 | J5: 2.2142857 | K5: -0.057674419 | L5: -0.014206157 | M5: -0.0022602579 | N5: -0.0017436367 | O5: 184 | P5: 277 | Q5: 0.10467167 | R5: 41355.1 | S5: 35135.869 | T5: 0.096652983 | U5: 0.48440328 | V5: 0.14142136 | W5: 0.52091337 | X5: 0.37211704 | Y5: 61666.325 | Z5: -12025.465 | AA5: -8615.7617 | AB5: 46575.207 | AC5: -4901.802 | AD5: 29496.148 | AE5: 46222.503 | AF5: 0.16 | AG5: 126 | AH5: 335 | AI5: 1891.036
A6: 4th decile | B6: 462 | C6: 13.65873 | D6: 12.846154 | E6: 1.1880342 | F6: 2.1182197 | G6: 22.770734 | H6: 17.013995 | I6: 1.3278287 | J6: 2.4065222 | K6: -0.029044465 | L6: -0.00058695772 | M6: -0.011425781 | N6: 0 | O6: 190 | P6: 272 | Q6: 0.086955966 | R6: 85457.6 | S6: 114239.13 | T6: 0.19310943 | U6: 0.78624702 | V6: 0.2258318 | W6: 0.48567396 | X6: 0.37214612 | Y6: 172059.9 | Z6: -14099.488 | AA6: -6387.4706 | AB6: 107828.44 | AC6: 1048.158 | AD6: 66050.807 | AE6: 140159.1 | AF6: 0.15 | AG6: 168 | AH6: 294 | AI6: 4781.674
A7: 5th decile | B7: 462 | C7: 15.35206 | D7: 13.892617 | E7: 1.4728364 | F7: 2.6107817 | G7: 19.010937 | H7: 14.440489 | I7: 1.636223 | J7: 2.8129603 | K7: 0 | L7: 0.0001823292 | M7: 0.0038848921 | N7: 0.00085622007 | O7: 211 | P7: 251 | Q7: 0.075814919 | R7: 173914.4 | S7: 164019.88 | T7: 0.18926631 | U7: 1.0207207 | V7: 0.29664794 | W7: 0.46885051 | X7: 0.34885727 | Y7: 298328.99 | Z7: -16141.762 | AA7: -3836.2113 | AB7: 169757.12 | AC7: 8369.763 | AD7: 112135.72 | AE7: 210095.55 | AF7: 0.14 | AG7: 209 | AH7: 253 | AI7: 7386.745
A8: 6th decile | B8: 462 | C8: 16.659491 | D8: 13.786408 | E8: 1.5741382 | F8: 2.1748206 | G8: 18.813117 | H8: 13.076908 | I8: 1.7770456 | J8: 2.6405871 | K8: 0.051292247 | L8: 0.023876858 | M8: 0.03119891 | N8: 0.031559664 | O8: 263 | P8: 199 | Q8: 0.068933387 | R8: 364514.8 | S8: 374606.95 | T8: 0.28255936 | U8: 1.0127463 | V8: 0.33015148 | W8: 0.417 | X8: 0.29814037 | Y8: 671216.97 | Z8: -10225.85 | AA8: 10389.171 | AB8: 384763.95 | AC8: 37010.518 | AD8: 212608.06 | AE8: 441396.82 | AF8: 0.138 | AG8: 286 | AH8: 176 | AI8: 13829.236
A9: 7th decile | B9: 461 | C9: 19.918587 | D9: 16.242424 | E9: 1.8684263 | F9: 2.1157294 | G9: 20.418871 | H9: 12.792815 | I9: 2.3665717 | J9: 2.4378715 | K9: 0.044655582 | L9: 0.0399895 | M9: 0.031812224 | N9: 0.045056555 | O9: 281 | P9: 180 | Q9: 0.057236083 | R9: 781325.8 | S9: 587675.88 | T9: 0.28378525 | U9: 1.120714 | V9: 0.37682887 | W9: 0.4003267 | X9: 0.29512894 | Y9: 1261057.2 | Z9: -3484.04 | AA9: 20634.917 | AB9: 735595.2 | AC9: 68953.937 | AD9: 402041.38 | AE9: 751698.19 | AF9: 0.1 | AG9: 312 | AH9: 149 | AI9: 23729.609
A10: 8th decile | B10: 462 | C10: 19.830464 | D10: 17.447368 | E10: 2.4424788 | F10: 2.6741462 | G10: 18.412304 | H10: 13.308879 | I10: 2.5214996 | J10: 3.2869311 | K10: 0.095746491 | L10: 0.084862647 | M10: 0.070803832 | N10: 0.082961681 | O10: 339 | P10: 123 | Q10: 0.048035336 | R10: 1734568.7 | S10: 898173.9 | T10: 0.2871092 | U10: 1.0338022 | V10: 0.40496913 | W10: 0.34191846 | X10: 0.25340737 | Y10: 2418469.6 | Z10: 39032.999 | AA10: 92747.046 | AB10: 1364065.3 | AC10: 174147.64 | AD10: 721546.48 | AE10: 1183302.6 | AF10: 0.101 | AG10: 350 | AH10: 112 | AI10: 35205.879
A11: 9th decile | B11: 462 | C11: 24.690581 | D11: 19.236453 | E11: 3.2391839 | F11: 2.8179775 | G11: 21.281673 | H11: 15.013879 | I11: 3.6733618 | J11: 3.4049078 | K11: 0.12677694 | L11: 0.12561627 | M11: 0.083441876 | N11: 0.11702296 | O11: 389 | P11: 73 | Q11: 0.03332341 | R11: 4324327.6 | S11: 5132398.6 | T11: 0.26644143 | U11: 1.0220647 | V11: 0.43931765 | W11: 0.30245334 | X11: 0.23474635 | Y11: 9096649.3 | Z11: 130540.76 | AA11: 227172.74 | AB11: 2821622.1 | AC11: 398008.35 | AD11: 1405557.9 | AE11: 5527099.7 | AF11: 0.11 | AG11: 389 | AH11: 73 | AI11: 63920.515
A12: Top decile | B12: 462 | C12: 25.846278 | D12: 21.175439 | E12: 4.3037716 | F12: 3.83808 | G12: 22.819317 | H12: 16.597391 | I12: 5.1962698 | J12: 4.8149569 | K12: 0.17888986 | L12: 0.18590023 | M12: 0.13080553 | N12: 0.17357693 | O12: 425 | P12: 37 | Q12: 0.028106208 | R12: 52536117 | S12: 16157261 | T12: 0.18470209 | U12: 0.89813026 | V12: 0.4494441 | W12: 0.24897374 | X12: 0.20831398 | Y12: 65274251 | Z12: 1805796.2 | AA12: 2304997.5 | AB12: 16045788 | AC12: 3194501.8 | AD12: 8865857.1 | AE12: 17431435 | AF12: 0.104 | AG12: 419 | AH12: 43 | AI12: 253865.89
A13: All firms | B13: =SUM(B3:B12) -> 4617 | C13: 18.737737 | D13: 17.237903 | E13: 1.6921333 | F13: 2.2235294 | G13: 21.07384 | H13: 14.577556 | I13: 1.9734788 | J13: 2.7831234 | K13: 0.03284874 | L13: 0.0010020755 | M13: 0.018700668 | N13: 0.0030013576 | O13: 2577 | P13: 3485 | Q13: 0.039860064 | R13: 60069481 | S13: 23537542 | T13: 0.16773175 | U13: 0.9222326 | V13: 0.23874673 | W13: 0.41012167 | X13: 0.38606122 | Y13: 79339800 | Z13: 1887185.6 | AA13: 2616120.2 | AB13: 21759851 | AC13: 3869140.6 | AD13: 11844045 | AE13: 25808510 | AF13: 0.11 | AG13: 2482 | AH13: 3580 | AI13: 410252.45
A15: decile(Market Cap (in US $)) | B15: count | C15: median(Trailing PE) | D15: median(Forward PE) | E15: median(PBV) | F15: median(PS) | G15: median(EV/EBIT) | H15: median(EV/EBITDA) | I15: median(EV/Invested Capital) | J15: median(EV/Sales) | K15: median(Return on Equity) | L15: median(Return on Capital (ROC or ROIC)) | M15: median(Net Profit Margin) | N15: median(Pre-tax Operating Margin) | O15: [Trailing Net Income < $0.00] | Q15: median(Cash/ Firm Value) | R15: sum(Market Cap (in US $)) | S15: sum(Total Debt incl leases (in US $)) | T15: median(Market Debt to capital ratio) | U15: median(Beta) | V15: median(Correlation with market) | W15: median(Standard deviation in stock price) | X15: median(HiL0 Risk Measure (Hi- lo)/ (Hi+Lo)) | Y15: sum(Enterprise Value (in US $)) | Z15: sum(Trailing Net Income) | AA15: sum(Trailing Operating Income (adj for leases)) | AB15: sum(Trailing Revenues) | AC15: sum(Trailing EBITDA (adj for leases)) | AD15: sum(Book Value of Equity - 4 qtrs ago) | AE15: sum(Invested Capital - 4 qtre ago)
O16: False | P16: True
A17: Bottom decile | B17: 490 | C17: 10.301508 | D17: 16.214286 | E17: 0.97826087 | F17: 1.2666667 | G17: 14.69796 | H17: 13.948777 | I17: 1.6435739 | J17: 1.6829126 | K17: -0.43398058 | L17: -0.34728077 | M17: -0.31451613 | N17: -0.22747944 | O17: 184 | P17: 306 | Q17: 0.051150798 | R17: 8162.1 | S17: 33633.192 | T17: =T3 -> 0.091520332 | U17: =U3 -> 0.69171029 | V17: =V3 -> 0.12247449 | W17: =W3 -> 0.79156806 | X17: =X3 -> 0.62962963 | Y17: 17171.356 | Z17: -6881.441 | AA17: -4158.8788 | AB17: 19472.955 | AC17: -2318.574 | AD17: 8057.554 | AE17: 15714.261
A18: 2nd decile | B18: 492 | C18: 10.714286 | D18: 14.55814 | E18: 0.94397759 | F18: 1.6238938 | G18: 14.880757 | H18: 12.523862 | I18: 1.1771472 | J18: 1.9169541 | K18: -0.2442623 | L18: -0.10407442 | M18: -0.125 | N18: -0.044248433 | O18: 199 | P18: 293 | Q18: 0.082828589 | R18: 18369.5 | S18: 27873.345 | T18: =T4 -> 0.13529327 | U18: =U4 -> 0.48417928 | V18: =V4 -> 0.13038405 | W18: =W4 -> 0.6599787 | X18: =X4 -> 0.44099379 | Y18: 45742.786 | Z18: -9246.709 | AA18: -6535.8799 | AB18: 40125.471 | AC18: -2364.228 | AD18: 14555.11 | AE18: 40085.949
A19: 3rd decile | B19: 495 | C19: 12.277847 | D19: 11.568807 | E19: 1.0635514 | F19: 1.9031339 | G19: 29.897996 | H19: 39.567716 | I19: 1.2223528 | J19: 2.1193634 | K19: -0.001045082 | L19: -0.049644742 | M19: 0 | N19: -0.0056914494 | O19: 270 | P19: 225 | Q19: 0.074063722 | R19: 37122.7 | S19: 61353.693 | T19: =T5 -> 0.096652983 | U19: =U5 -> 0.48440328 | V19: =V5 -> 0.14142136 | W19: =W5 -> 0.52091337 | X19: =X5 -> 0.37211704 | Y19: 61666.325 | Z19: -12025.465 | AA19: -8615.7617 | AB19: 46575.207 | AC19: -4901.802 | AD19: 29496.148 | AE19: 46222.503
A20: 4th decile | B20: 492 | C20: 12.871795 | D20: 14.777948 | E20: 1.1526104 | F20: 1.8774885 | G20: 21.862025 | H20: 21.029671 | I20: 1.2895474 | J20: 2.2380705 | K20: -0.047972973 | L20: -0.019302181 | M20: -0.0051771654 | N20: -0.0046322585 | O20: 249 | P20: 243 | Q20: 0.084252478 | R20: 70953 | S20: 57252.976 | T20: =T6 -> 0.19310943 | U20: =U6 -> 0.78624702 | V20: =V6 -> 0.2258318 | W20: =W6 -> 0.48567396 | X20: =X6 -> 0.37214612 | Y20: 172059.9 | Z20: -14099.488 | AA20: -6387.4706 | AB20: 107828.44 | AC20: 1048.158 | AD20: 66050.807 | AE20: 140159.1
A21: 5th decile | B21: 493 | C21: 13.081967 | D21: 12.720665 | E21: 1.4263114 | F21: 2.176513 | G21: 20.612319 | H21: 14.749957 | I21: 1.5646289 | J21: 2.4012881 | K21: -0.0040527183 | L21: -0.00032492695 | M21: 0.0056617523 | N21: 0 | O21: 251 | P21: 242 | Q21: 0.089694036 | R21: 147563.8 | S21: 153701.67 | T21: =T7 -> 0.18926631 | U21: =U7 -> 1.0207207 | V21: =V7 -> 0.29664794 | W21: =W7 -> 0.46885051 | X21: =X7 -> 0.34885727 | Y21: 298328.99 | Z21: -16141.762 | AA21: -3836.2113 | AB21: 169757.12 | AC21: 8369.763 | AD21: 112135.72 | AE21: 210095.55
A22: 6th decile | B22: 492 | C22: 14.558824 | D22: 14.486068 | E22: 1.4882687 | F22: 1.8357552 | G22: 17.725125 | H22: 11.701799 | I22: 1.7282213 | J22: 2.3262529 | K22: 0.021416912 | L22: 0.004361507 | M22: 0.027102154 | N22: 0.014183768 | O22: 270 | P22: 222 | Q22: 0.077355182 | R22: 318407.3 | S22: 294125.21 | T22: =T8 -> 0.28255936 | U22: =U8 -> 1.0127463 | V22: =V8 -> 0.33015148 | W22: =W8 -> 0.417 | X22: =X8 -> 0.29814037 | Y22: 671216.97 | Z22: -10225.85 | AA22: 10389.171 | AB22: 384763.95 | AC22: 37010.518 | AD22: 212608.06 | AE22: 441396.82
A23: 7th decile | B23: 492 | C23: 18.287879 | D23: 14.945455 | E23: 1.8210074 | F23: 2.0897244 | G23: 17.836007 | H23: 12.505963 | I23: 2.1014896 | J23: 2.6842255 | K23: 0.050024929 | L23: 0.042634465 | M23: 0.029817534 | N23: 0.04772856 | O23: 305 | P23: 187 | Q23: 0.061241498 | R23: 699599.1 | S23: 587451.36 | T23: =T9 -> 0.28378525 | U23: =U9 -> 1.120714 | V23: =V9 -> 0.37682887 | W23: =W9 -> 0.4003267 | X23: =X9 -> 0.29512894 | Y23: 1261057.2 | Z23: -3484.04 | AA23: 20634.917 | AB23: 735595.2 | AC23: 68953.937 | AD23: 402041.38 | AE23: 751698.19
A24: 8th decile | B24: 493 | C24: 19.451433 | D24: 17.600362 | E24: 2.3993699 | F24: 2.4101113 | G24: 20.322559 | H24: 13.258516 | I24: 2.6301095 | J24: 3.2478625 | K24: 0.082032446 | L24: 0.062626605 | M24: 0.057345319 | N24: 0.075049763 | O24: 347 | P24: 146 | Q24: 0.046583082 | R24: 1525874.1 | S24: 4081036.4 | T24: =T10 -> 0.2871092 | U24: =U10 -> 1.0338022 | V24: =V10 -> 0.40496913 | W24: =W10 -> 0.34191846 | X24: =X10 -> 0.25340737 | Y24: 2418469.6 | Z24: 39032.999 | AA24: 92747.046 | AB24: 1364065.3 | AC24: 174147.64 | AD24: 721546.48 | AE24: 1183302.6
A25: 9th decile | B25: 492 | C25: 20.933709 | D25: 17.923529 | E25: 2.9791755 | F25: 2.2897752 | G25: 18.44206 | H25: 13.41225 | I25: 3.1122261 | J25: 3.1230256 | K25: 0.12672239 | L25: 0.12951656 | M25: 0.077584239 | N25: 0.11202454 | O25: 394 | P25: 98 | Q25: 0.034556045 | R25: 3736071.2 | S25: 6003104.5 | T25: =T11 -> 0.26644143 | U25: =U11 -> 1.0220647 | V25: =V11 -> 0.43931765 | W25: =W11 -> 0.30245334 | X25: =X11 -> 0.23474635 | Y25: 9096649.3 | Z25: 130540.76 | AA25: 227172.74 | AB25: 2821622.1 | AC25: 398008.35 | AD25: 1405557.9 | AE25: 5527099.7
A26: Top decile | B26: 493 | C26: 25.531579 | D26: 20.430435 | E26: 3.8928578 | F26: 3.3385329 | G26: 21.597953 | H26: 16.28773 | I26: 4.6922822 | J26: 4.3407206 | K26: 0.17469477 | L26: 0.17903566 | M26: 0.1169852 | N26: 0.16210192 | O26: 447 | P26: 46 | Q26: 0.027546767 | R26: 42590579 | S26: 11368325 | T26: =T12 -> 0.18470209 | U26: =U12 -> 0.89813026 | V26: =V12 -> 0.4494441 | W26: =W12 -> 0.24897374 | X26: =X12 -> 0.20831398 | Y26: 65274251 | Z26: 1805796.2 | AA26: 2304997.5 | AB26: 16045788 | AC26: 3194501.8 | AD26: 8865857.1 | AE26: 17431435
A27: All firms

Sheet Multiples
C1: Median values
A2: Market Cap Decile | B2: Number of firms | C2: Trailing PE | D2: Forward PE | E2: PEG Ratio | F2: PBV | G2: Price/Sales | H2: EV/EBIT | I2: EV/EBITDA | J2: EV/Sales | K2: EV/Invested Capital | L2: ROE | M2: Pre-tax ROIC | N2: Net Margin | O2: Operating Margin | P2: % of companies with Net Income <0 | Q2: % of companies with Operating Income <0
A3: Bottom decile | B3: ='Pivot 1'!B3 -> 461 | C3: ='Pivot 1'!C3 -> 12.280702 | D3: ='Pivot 1'!D3 -> 5 | E3: =Table1[[#This Row],[Trailing PE]]/('Pivot 1'!AF3*100) -> 0.49122807 | F3: ='Pivot 1'!E3 -> 1.0290698 | G3: ='Pivot 1'!F3 -> 1.4368932 | H3: ='Pivot 1'!G3 -> 21.192982 | I3: ='Pivot 1'!H3 -> 15.756997 | J3: ='Pivot 1'!J3 -> 1.7439024 | K3: ='Pivot 1'!I3 -> 1.4670051 | L3: ='Pivot 1'!K3 -> -0.41746248 | M3: ='Pivot 1'!L3 -> -0.33554777 | N3: ='Pivot 1'!M3 -> -0.29878049 | O3: ='Pivot 1'!N3 -> -0.22448235 | P3: =1-'Pivot 1'!O3/('Pivot 1'!O3+'Pivot 1'!P3) -> 0.8308026 | Q3: =1-'Pivot 1'!AG3/('Pivot 1'!AG3+'Pivot 1'!AH3) -> 0.86984816
A4: 2nd decile | B4: ='Pivot 1'!B4 -> 462 | C4: ='Pivot 1'!C4 -> 11.006098 | D4: ='Pivot 1'!D4 -> 28.2 | E4: =Table1[[#This Row],[Trailing PE]]/('Pivot 1'!AF4*100) -> 0.73373984 | F4: ='Pivot 1'!E4 -> 1.0630631 | G4: ='Pivot 1'!F4 -> 1.7492625 | H4: ='Pivot 1'!G4 -> 28.572637 | I4: ='Pivot 1'!H4 -> 18.315703 | J4: ='Pivot 1'!J4 -> 2.0751994 | K4: ='Pivot 1'!I4 -> 1.210269 | L4: ='Pivot 1'!K4 -> -0.22268519 | M4: ='Pivot 1'!L4 -> -0.093094491 | N4: ='Pivot 1'!M4 -> -0.11459459 | O4: ='Pivot 1'!N4 -> -0.037107844 | P4: =1-'Pivot 1'!O4/('Pivot 1'!O4+'Pivot 1'!P4) -> 0.71428571 | Q4: =1-'Pivot 1'!AG4/('Pivot 1'!AG4+'Pivot 1'!AH4) -> 0.79437229
A5: 3rd decile | B5: ='Pivot 1'!B5 -> 461 | C5: ='Pivot 1'!C5 -> 13.076923 | D5: ='Pivot 1'!D5 -> 13.648915 | E5: =Table1[[#This Row],[Trailing PE]]/('Pivot 1'!AF5*100) -> 0.81730769 | F5: ='Pivot 1'!E5 -> 1.0376432 | G5: ='Pivot 1'!F5 -> 2.2296137 | H5: ='Pivot 1'!G5 -> 33.832474 | I5: ='Pivot 1'!H5 -> 31.752693 | J5: ='Pivot 1'!J5 -> 2.2142857 | K5: ='Pivot 1'!I5 -> 1.2098409 | L5: ='Pivot 1'!K5 -> -0.057674419 | M5: ='Pivot 1'!L5 -> -0.014206157 | N5: ='Pivot 1'!M5 -> -0.0022602579 | O5: ='Pivot 1'!N5 -> -0.0017436367 | P5: =1-'Pivot 1'!O5/('Pivot 1'!O5+'Pivot 1'!P5) -> 0.60086768 | Q5: =1-'Pivot 1'!AG5/('Pivot 1'!AG5+'Pivot 1'!AH5) -> 0.72668113
A6: 4th decile | B6: ='Pivot 1'!B6 -> 462 | C6: ='Pivot 1'!C6 -> 13.65873 | D6: ='Pivot 1'!D6 -> 12.846154 | E6: =Table1[[#This Row],[Trailing PE]]/('Pivot 1'!AF6*100) -> 0.91058201 | F6: ='Pivot 1'!E6 -> 1.1880342 | G6: ='Pivot 1'!F6 -> 2.1182197 | H6: ='Pivot 1'!G6 -> 22.770734 | I6: ='Pivot 1'!H6 -> 17.013995 | J6: ='Pivot 1'!J6 -> 2.4065222 | K6: ='Pivot 1'!I6 -> 1.3278287 | L6: ='Pivot 1'!K6 -> -0.029044465 | M6: ='Pivot 1'!L6 -> -0.00058695772 | N6: ='Pivot 1'!M6 -> -0.011425781 | O6: ='Pivot 1'!N6 -> 0 | P6: =1-'Pivot 1'!O6/('Pivot 1'!O6+'Pivot 1'!P6) -> 0.58874459 | Q6: =1-'Pivot 1'!AG6/('Pivot 1'!AG6+'Pivot 1'!AH6) -> 0.63636364
A7: 5th decile | B7: ='Pivot 1'!B7 -> 462 | C7: ='Pivot 1'!C7 -> 15.35206 | D7: ='Pivot 1'!D7 -> 13.892617 | E7: =Table1[[#This Row],[Trailing PE]]/('Pivot 1'!AF7*100) -> 1.0965757 | F7: ='Pivot 1'!E7 -> 1.4728364 | G7: ='Pivot 1'!F7 -> 2.6107817 | H7: ='Pivot 1'!G7 -> 19.010937 | I7: ='Pivot 1'!H7 -> 14.440489 | J7: ='Pivot 1'!J7 -> 2.8129603 | K7: ='Pivot 1'!I7 -> 1.636223 | L7: ='Pivot 1'!K7 -> 0 | M7: ='Pivot 1'!L7 -> 0.0001823292 | N7: ='Pivot 1'!M7 -> 0.0038848921 | O7: ='Pivot 1'!N7 -> 0.00085622007 | P7: =1-'Pivot 1'!O7/('Pivot 1'!O7+'Pivot 1'!P7) -> 0.54329004 | Q7: =1-'Pivot 1'!AG7/('Pivot 1'!AG7+'Pivot 1'!AH7) -> 0.54761905
A8: 6th decile | B8: ='Pivot 1'!B8 -> 462 | C8: ='Pivot 1'!C8 -> 16.659491 | D8: ='Pivot 1'!D8 -> 13.786408 | E8: =Table1[[#This Row],[Trailing PE]]/('Pivot 1'!AF8*100) -> 1.2072095 | F8: ='Pivot 1'!E8 -> 1.5741382 | G8: ='Pivot 1'!F8 -> 2.1748206 | H8: ='Pivot 1'!G8 -> 18.813117 | I8: ='Pivot 1'!H8 -> 13.076908 | J8: ='Pivot 1'!J8 -> 2.6405871 | K8: ='Pivot 1'!I8 -> 1.7770456 | L8: ='Pivot 1'!K8 -> 0.051292247 | M8: ='Pivot 1'!L8 -> 0.023876858 | N8: ='Pivot 1'!M8 -> 0.03119891 | O8: ='Pivot 1'!N8 -> 0.031559664 | P8: =1-'Pivot 1'!O8/('Pivot 1'!O8+'Pivot 1'!P8) -> 0.43073593 | Q8: =1-'Pivot 1'!AG8/('Pivot 1'!AG8+'Pivot 1'!AH8) -> 0.38095238
A9: 7th decile | B9: ='Pivot 1'!B9 -> 461 | C9: ='Pivot 1'!C9 -> 19.918587 | D9: ='Pivot 1'!D9 -> 16.242424 | E9: =Table1[[#This Row],[Trailing PE]]/('Pivot 1'!AF9*100) -> 1.9918587 | F9: ='Pivot 1'!E9 -> 1.8684263 | G9: ='Pivot 1'!F9 -> 2.1157294 | H9: ='Pivot 1'!G9 -> 20.418871 | I9: ='Pivot 1'!H9 -> 12.792815 | J9: ='Pivot 1'!J9 -> 2.4378715 | K9: ='Pivot 1'!I9 -> 2.3665717 | L9: ='Pivot 1'!K9 -> 0.044655582 | M9: ='Pivot 1'!L9 -> 0.0399895 | N9: ='Pivot 1'!M9 -> 0.031812224 | O9: ='Pivot 1'!N9 -> 0.045056555 | P9: =1-'Pivot 1'!O9/('Pivot 1'!O9+'Pivot 1'!P9) -> 0.39045553 | Q9: =1-'Pivot 1'!AG9/('Pivot 1'!AG9+'Pivot 1'!AH9) -> 0.32321041
A10: 8th decile | B10: ='Pivot 1'!B10 -> 462 | C10: ='Pivot 1'!C10 -> 19.830464 | D10: ='Pivot 1'!D10 -> 17.447368 | E10: =Table1[[#This Row],[Trailing PE]]/('Pivot 1'!AF10*100) -> 1.9634123 | F10: ='Pivot 1'!E10 -> 2.4424788 | G10: ='Pivot 1'!F10 -> 2.6741462 | H10: ='Pivot 1'!G10 -> 18.412304 | I10: ='Pivot 1'!H10 -> 13.308879 | J10: ='Pivot 1'!J10 -> 3.2869311 | K10: ='Pivot 1'!I10 -> 2.5214996 | L10: ='Pivot 1'!K10 -> 0.095746491 | M10: ='Pivot 1'!L10 -> 0.084862647 | N10: ='Pivot 1'!M10 -> 0.070803832 | O10: ='Pivot 1'!N10 -> 0.082961681 | P10: =1-'Pivot 1'!O10/('Pivot 1'!O10+'Pivot 1'!P10) -> 0.26623377 | Q10: =1-'Pivot 1'!AG10/('Pivot 1'!AG10+'Pivot 1'!AH10) -> 0.24242424
A11: 9th decile | B11: ='Pivot 1'!B11 -> 462 | C11: ='Pivot 1'!C11 -> 24.690581 | D11: ='Pivot 1'!D11 -> 19.236453 | E11: =Table1[[#This Row],[Trailing PE]]/('Pivot 1'!AF11*100) -> 2.2445983 | F11: ='Pivot 1'!E11 -> 3.2391839 | G11: ='Pivot 1'!F11 -> 2.8179775 | H11: ='Pivot 1'!G11 -> 21.281673 | I11: ='Pivot 1'!H11 -> 15.013879 | J11: ='Pivot 1'!J11 -> 3.4049078 | K11: ='Pivot 1'!I11 -> 3.6733618 | L11: ='Pivot 1'!K11 -> 0.12677694 | M11: ='Pivot 1'!L11 -> 0.12561627 | N11: ='Pivot 1'!M11 -> 0.083441876 | O11: ='Pivot 1'!N11 -> 0.11702296 | P11: =1-'Pivot 1'!O11/('Pivot 1'!O11+'Pivot 1'!P11) -> 0.15800866 | Q11: =1-'Pivot 1'!AG11/('Pivot 1'!AG11+'Pivot 1'!AH11) -> 0.15800866
A12: Top decile | B12: ='Pivot 1'!B12 -> 462 | C12: ='Pivot 1'!C12 -> 25.846278 | D12: ='Pivot 1'!D12 -> 21.175439 | E12: =Table1[[#This Row],[Trailing PE]]/('Pivot 1'!AF12*100) -> 2.4852191 | F12: ='Pivot 1'!E12 -> 4.3037716 | G12: ='Pivot 1'!F12 -> 3.83808 | H12: ='Pivot 1'!G12 -> 22.819317 | I12: ='Pivot 1'!H12 -> 16.597391 | J12: ='Pivot 1'!J12 -> 4.8149569 | K12: ='Pivot 1'!I12 -> 5.1962698 | L12: ='Pivot 1'!K12 -> 0.17888986 | M12: ='Pivot 1'!L12 -> 0.18590023 | N12: ='Pivot 1'!M12 -> 0.13080553 | O12: ='Pivot 1'!N12 -> 0.17357693 | P12: =1-'Pivot 1'!O12/('Pivot 1'!O12+'Pivot 1'!P12) -> 0.08008658 | Q12: =1-'Pivot 1'!AG12/('Pivot 1'!AG12+'Pivot 1'!AH12) -> 0.093073593
A13: All firms | B13: ='Pivot 1'!B13 -> 4617 | C13: ='Pivot 1'!C13 -> 18.737737 | D13: ='Pivot 1'!D13 -> 17.237903 | E13: =Table1[[#This Row],[Trailing PE]]/('Pivot 1'!AF13*100) -> 1.7034306 | F13: ='Pivot 1'!E13 -> 1.6921333 | G13: ='Pivot 1'!F13 -> 2.2235294 | H13: ='Pivot 1'!G13 -> 21.07384 | I13: ='Pivot 1'!H13 -> 14.577556 | J13: ='Pivot 1'!J13 -> 2.7831234 | K13: ='Pivot 1'!I13 -> 1.9734788 | L13: ='Pivot 1'!K13 -> 0.03284874 | M13: ='Pivot 1'!L13 -> 0.0010020755 | N13: ='Pivot 1'!M13 -> 0.018700668 | O13: ='Pivot 1'!N13 -> 0.0030013576 | P13: =1-'Pivot 1'!O13/('Pivot 1'!O13+'Pivot 1'!P13) -> 0.57489277 | Q13: =1-'Pivot 1'!AG13/('Pivot 1'!AG13+'Pivot 1'!AH13) -> 0.59056417

Sheet Risk
A1: Market Cap in millions of US$ | B1: Number of firms | C1: Aggregate Market Cap | D1: Cash/Firm Value | E1: Market Debt to capital ratio (median) | F1: Median Beta | G1: Correlation with market (median) | H1: Standard deviation in stock price (median) | I1: Total Beta | J1: HiL0 Risk Measure (Hi- lo)/ (Hi+Lo) (median) | K1: Interest Coverage Ratio
A2: ='Pivot 1'!A3 -> Bottom decile | B2: ='Pivot 1'!B3 -> 461 | C2: ='Pivot 1'!R3 -> 8133.4 | D2: ='Pivot 1'!Q3 -> 0.061643836 | E2: ='Pivot 1'!T3 -> 0.091520332 | F2: ='Pivot 1'!U3 -> 0.69171029 | G2: ='Pivot 1'!V3 -> 0.12247449 | H2: ='Pivot 1'!W3 -> 0.79156806 | I2: =Table13[[#This Row],[Median Beta]]/Table13[[#This Row],[Correlation with market (median)]] -> 5.6477909 | J2: ='Pivot 1'!X3 -> 0.62962963 | K2: =IF('Pivot 1'!AA3>0,'Pivot 1'!AA3/'Pivot 1'!AI3,"NA") -> NA
A3: ='Pivot 1'!A4 -> 2nd decile | B3: ='Pivot 1'!B4 -> 462 | C3: ='Pivot 1'!R4 -> 19766.1 | D3: ='Pivot 1'!Q4 -> 0.074468085 | E3: ='Pivot 1'!T4 -> 0.13529327 | F3: ='Pivot 1'!U4 -> 0.48417928 | G3: ='Pivot 1'!V4 -> 0.13038405 | H3: ='Pivot 1'!W4 -> 0.6599787 | I3: =Table13[[#This Row],[Median Beta]]/Table13[[#This Row],[Correlation with market (median)]] -> 3.7134856 | J3: ='Pivot 1'!X4 -> 0.44099379 | K3: =IF('Pivot 1'!AA4>0,'Pivot 1'!AA4/'Pivot 1'!AI4,"NA") -> NA
A4: ='Pivot 1'!A5 -> 3rd decile | B4: ='Pivot 1'!B5 -> 461 | C4: ='Pivot 1'!R5 -> 41355.1 | D4: ='Pivot 1'!Q5 -> 0.10467167 | E4: ='Pivot 1'!T5 -> 0.096652983 | F4: ='Pivot 1'!U5 -> 0.48440328 | G4: ='Pivot 1'!V5 -> 0.14142136 | H4: ='Pivot 1'!W5 -> 0.52091337 | I4: =Table13[[#This Row],[Median Beta]]/Table13[[#This Row],[Correlation with market (median)]] -> 3.4252485 | J4: ='Pivot 1'!X5 -> 0.37211704 | K4: =IF('Pivot 1'!AA5>0,'Pivot 1'!AA5/'Pivot 1'!AI5,"NA") -> NA
A5: ='Pivot 1'!A6 -> 4th decile | B5: ='Pivot 1'!B6 -> 462 | C5: ='Pivot 1'!R6 -> 85457.6 | D5: ='Pivot 1'!Q6 -> 0.086955966 | E5: ='Pivot 1'!T6 -> 0.19310943 | F5: ='Pivot 1'!U6 -> 0.78624702 | G5: ='Pivot 1'!V6 -> 0.2258318 | H5: ='Pivot 1'!W6 -> 0.48567396 | I5: =Table13[[#This Row],[Median Beta]]/Table13[[#This Row],[Correlation with market (median)]] -> 3.4815603 | J5: ='Pivot 1'!X6 -> 0.37214612 | K5: =IF('Pivot 1'!AA6>0,'Pivot 1'!AA6/'Pivot 1'!AI6,"NA") -> NA
A6: ='Pivot 1'!A7 -> 5th decile | B6: ='Pivot 1'!B7 -> 462 | C6: ='Pivot 1'!R7 -> 173914.4 | D6: ='Pivot 1'!Q7 -> 0.075814919 | E6: ='Pivot 1'!T7 -> 0.18926631 | F6: ='Pivot 1'!U7 -> 1.0207207 | G6: ='Pivot 1'!V7 -> 0.29664794 | H6: ='Pivot 1'!W7 -> 0.46885051 | I6: =Table13[[#This Row],[Median Beta]]/Table13[[#This Row],[Correlation with market (median)]] -> 3.4408487 | J6: ='Pivot 1'!X7 -> 0.34885727 | K6: =IF('Pivot 1'!AA7>0,'Pivot 1'!AA7/'Pivot 1'!AI7,"NA") -> NA
A7: ='Pivot 1'!A8 -> 6th decile | B7: ='Pivot 1'!B8 -> 462 | C7: ='Pivot 1'!R8 -> 364514.8 | D7: ='Pivot 1'!Q8 -> 0.068933387 | E7: ='Pivot 1'!T8 -> 0.28255936 | F7: ='Pivot 1'!U8 -> 1.0127463 | G7: ='Pivot 1'!V8 -> 0.33015148 | H7: ='Pivot 1'!W8 -> 0.417 | I7: =Table13[[#This Row],[Median Beta]]/Table13[[#This Row],[Correlation with market (median)]] -> 3.0675201 | J7: ='Pivot 1'!X8 -> 0.29814037 | K7: =IF('Pivot 1'!AA8>0,'Pivot 1'!AA8/'Pivot 1'!AI8,"NA") -> 0.75124691
A8: ='Pivot 1'!A9 -> 7th decile | B8: ='Pivot 1'!B9 -> 461 | C8: ='Pivot 1'!R9 -> 781325.8 | D8: ='Pivot 1'!Q9 -> 0.057236083 | E8: ='Pivot 1'!T9 -> 0.28378525 | F8: ='Pivot 1'!U9 -> 1.120714 | G8: ='Pivot 1'!V9 -> 0.37682887 | H8: ='Pivot 1'!W9 -> 0.4003267 | I8: =Table13[[#This Row],[Median Beta]]/Table13[[#This Row],[Correlation with market (median)]] -> 2.9740662 | J8: ='Pivot 1'!X9 -> 0.29512894 | K8: =IF('Pivot 1'!AA9>0,'Pivot 1'!AA9/'Pivot 1'!AI9,"NA") -> 0.8695852
A9: ='Pivot 1'!A10 -> 8th decile | B9: ='Pivot 1'!B10 -> 462 | C9: ='Pivot 1'!R10 -> 1734568.7 | D9: ='Pivot 1'!Q10 -> 0.048035336 | E9: ='Pivot 1'!T10 -> 0.2871092 | F9: ='Pivot 1'!U10 -> 1.0338022 | G9: ='Pivot 1'!V10 -> 0.40496913 | H9: ='Pivot 1'!W10 -> 0.34191846 | I9: =Table13[[#This Row],[Median Beta]]/Table13[[#This Row],[Correlation with market (median)]] -> 2.5527927 | J9: ='Pivot 1'!X10 -> 0.25340737 | K9: =IF('Pivot 1'!AA10>0,'Pivot 1'!AA10/'Pivot 1'!AI10,"NA") -> 2.6344193
A10: ='Pivot 1'!A11 -> 9th decile | B10: ='Pivot 1'!B11 -> 462 | C10: ='Pivot 1'!R11 -> 4324327.6 | D10: ='Pivot 1'!Q11 -> 0.03332341 | E10: ='Pivot 1'!T11 -> 0.26644143 | F10: ='Pivot 1'!U11 -> 1.0220647 | G10: ='Pivot 1'!V11 -> 0.43931765 | H10: ='Pivot 1'!W11 -> 0.30245334 | I10: =Table13[[#This Row],[Median Beta]]/Table13[[#This Row],[Correlation with market (median)]] -> 2.3264821 | J10: ='Pivot 1'!X11 -> 0.23474635 | K10: =IF('Pivot 1'!AA11>0,'Pivot 1'!AA11/'Pivot 1'!AI11,"NA") -> 3.553988
A11: ='Pivot 1'!A12 -> Top decile | B11: ='Pivot 1'!B12 -> 462 | C11: ='Pivot 1'!R12 -> 52536117 | D11: ='Pivot 1'!Q12 -> 0.028106208 | E11: ='Pivot 1'!T12 -> 0.18470209 | F11: ='Pivot 1'!U12 -> 0.89813026 | G11: ='Pivot 1'!V12 -> 0.4494441 | H11: ='Pivot 1'!W12 -> 0.24897374 | I11: =Table13[[#This Row],[Median Beta]]/Table13[[#This Row],[Correlation with market (median)]] -> 1.9983136 | J11: ='Pivot 1'!X12 -> 0.20831398 | K11: =IF('Pivot 1'!AA12>0,'Pivot 1'!AA12/'Pivot 1'!AI12,"NA") -> 9.0795871
A12: ='Pivot 1'!A13 -> All firms | B12: ='Pivot 1'!B13 -> 4617 | C12: ='Pivot 1'!R13 -> 60069481 | D12: ='Pivot 1'!Q13 -> 0.039860064 | E12: ='Pivot 1'!T13 -> 0.16773175 | F12: ='Pivot 1'!U13 -> 0.9222326 | G12: ='Pivot 1'!V13 -> 0.23874673 | H12: ='Pivot 1'!W13 -> 0.41012167 | I12: =Table13[[#This Row],[Median Beta]]/Table13[[#This Row],[Correlation with market (median)]] -> 3.8628073 | J12: ='Pivot 1'!X13 -> 0.38606122 | K12: =IF('Pivot 1'!AA13>0,'Pivot 1'!AA13/'Pivot 1'!AI13,"NA") -> 6.3768545
